PCL
TEXARKANA BEARS @ DISTRICT 9 PRAWNS
09/03/2027
 
TOP OF THE 1ST
Texarkana Bears batting - Pitching for District 9 Prawns : RHP Bret McJannett
Pitching: RHP Bret McJannett
Batting: RHB Steve Garneys 0-0: Ball
1-0: Ball
2-0: Foul Ball, location: 2F
2-1: Swinging Strike
2-2: Foul Ball, location: 2F
2-2: Strikes out swinging
Batting: RHB Tony Reyes 0-0: SINGLE (Groundball, 6MD)
Batting: LHB Sam Barnes 0-0: Swinging Strike
0-1: DOUBLE (Flyball, 9LM)
Tony Reyes to third
Batting: RHB Billy Campbell 0-0: Foul Ball, location: 2F
0-1: Foul Ball, location: 2F
0-2: Strikes out looking
Batting: LHB Tom Mullins 0-0: Called Strike
0-1: Ball
1-1: Ball
2-1: Reached on error, E5 (Groundball, 5)
Tony Reyes scores
Sam Barnes scores
Batting: RHB Taki Chikafuji 0-0: Ground out 4-3 (Groundball, 4)
Top of the 1st over - 2 run(s), 2 hit(s), 1 error(s), 1 left on base; Texarkana 2 - District 9 0
BOTTOM OF THE 1ST
District 9 Prawns batting - Pitching for Texarkana Bears : RHP Joe Utter
Pitching: RHP Joe Utter
Batting: RHB Boyd Pittman 0-0: Swinging Strike
0-1: Swinging Strike
0-2: Foul Ball, location: 2F
0-2: Ball
1-2: Strikes out swinging
Batting: RHB José Colón 0-0: SINGLE (Groundball, 56D)
Batting: LHB Terry Simpson 0-0: Foul Ball, location: 2F
0-1: Ball
1-1: SINGLE (Flyball, 9S)
José Colón to second
Batting: RHB Reynold Akker 0-0: Fly out, F2 (Popup, 25)
Batting: LHB Mike Davis 0-0: Ball
1-0: Foul Ball, location: 2F
1-1: Ball
2-1: Ball
3-1: Base on Balls
José Colón to third
Terry Simpson to second
Batting: RHB Felipe Jareño 0-0: Called Strike
0-1: Swinging Strike
0-2: Ball
1-2: SINGLE (Flyball, 8LS)
José Colón scores
Terry Simpson to third
Mike Davis to second
Batting: LHB Miguel Barrón 0-0: Ball
1-0: Ball
2-0: Ball
3-0: Base on Balls
Terry Simpson scores
Mike Davis to third
Felipe Jareño to second
Batting: LHB Culley Vaughan 0-0: Called Strike
0-1: Fly out, F8 (Flyball, 8LM)
Bottom of the 1st over - 2 run(s), 3 hit(s), 0 error(s), 3 left on base; Texarkana 2 - District 9 2
TOP OF THE 2ND
Texarkana Bears batting - Pitching for District 9 Prawns : RHP Bret McJannett
Batting: LHB Mark Thomas 0-0: Ball
1-0: Ball
2-0: Called Strike
2-1: Ground out 4-3 (Groundball, 4D)
Batting: RHB Juan Rico 0-0: Ball
1-0: Foul Ball, location: 2F
1-1: Ground out 5-3 (Groundball, 56)
Batting: RHB Arturo Rodríguez 0-0: Fly out, F8 (Flyball, 8RS)
Top of the 2nd over - 0 run(s), 0 hit(s), 0 error(s), 0 left on base; Texarkana 2 - District 9 2
BOTTOM OF THE 2ND
District 9 Prawns batting - Pitching for Texarkana Bears : RHP Joe Utter
Batting: RHB Phil Jacobs 0-0: Swinging Strike
0-1: Called Strike
0-2: Ball
1-2: Strikes out swinging
Batting: RHB Boyd Pittman 0-0: Called Strike
0-1: Ball
1-1: Ball
2-1: Fly out, F8 (Flyball, 8LS)
Batting: RHB José Colón 0-0: Fly out, F7 (Flyball, 7)
Bottom of the 2nd over - 0 run(s), 0 hit(s), 0 error(s), 0 left on base; Texarkana 2 - District 9 2
TOP OF THE 3RD
Texarkana Bears batting - Pitching for District 9 Prawns : RHP Bret McJannett
Batting: RHB Steve Garneys 0-0: Ball
1-0: Foul Ball, location: 2F
1-1: Ball
2-1: Foul Ball, location: 2F
2-2: Foul Ball, location: 2F
2-2: Ball
3-2: SINGLE (Line Drive, 9LS)
Batting: RHB Tony Reyes 0-0: Called Strike
0-1: Ball
1-1: Ball
2-1: Grounds into double play, 5-4-3 (Groundball, 5)
Batting: LHB Sam Barnes 0-0: Ball
1-0: Called Strike
1-1: Swinging Strike
1-2: Ball
2-2: Foul Ball, location: 2F
2-2: Strikes out swinging
Top of the 3rd over - 0 run(s), 1 hit(s), 0 error(s), 0 left on base; Texarkana 2 - District 9 2
BOTTOM OF THE 3RD
District 9 Prawns batting - Pitching for Texarkana Bears : RHP Joe Utter
Batting: LHB Terry Simpson 0-0: Ball
1-0: Ball
2-0: Ball
3-0: Base on Balls
Batting: RHB Reynold Akker 0-0: Called Strike
0-1: Foul Ball, location: 2F
0-2: Strikes out looking
Batting: LHB Mike Davis 0-0: Ball
1-0: Ball
2-0: Ball
3-0: Called Strike
3-1: Foul Ball, location: 2F
3-2: Foul Ball, location: 2F
3-2: Base on Balls
Terry Simpson to second
Batting: RHB Felipe Jareño 0-0: Ball
1-0: Swinging Strike
1-1: Swinging Strike
1-2: Foul Ball, location: 2F
1-2: Foul Ball, location: 2F
1-2: Ball
2-2: Strikes out swinging
Batting: LHB Miguel Barrón 0-0: Fly out, F7 (Flyball, 78M)
Bottom of the 3rd over - 0 run(s), 0 hit(s), 0 error(s), 2 left on base; Texarkana 2 - District 9 2
TOP OF THE 4TH
Texarkana Bears batting - Pitching for District 9 Prawns : RHP Bret McJannett
Batting: RHB Billy Campbell 0-0: Ball
1-0: Fly out, F5 (Line Drive, 56)
Batting: LHB Tom Mullins 0-0: Called Strike
0-1: Foul Ball, location: 2F
0-2: SOLO HOME RUN (Flyball, 7D), Distance : 391 ft
Batting: RHB Taki Chikafuji 0-0: Called Strike
0-1: Ball
1-1: Foul Ball, location: 2F
1-2: Foul Ball, location: 2F
1-2: Ball
2-2: Foul Ball, location: 2F
2-2: SINGLE (Groundball, 34D)
Batting: LHB Mark Thomas 0-0: SINGLE (Line Drive, 6MD)
Taki Chikafuji to second
Batting: RHB Juan Rico 0-0: Fly out, F6 (Popup, 6D)
Batting: RHB Arturo Rodríguez 0-0: Ball
1-0: Ball
2-0: SINGLE (Groundball, 34D)
Taki Chikafuji to third
Mark Thomas to second
Runner from 3rd tries for Home, SAFE, no throw
Batting: RHB Steve Garneys 0-0: Ground out U3 (Groundball, 34)
Top of the 4th over - 2 run(s), 4 hit(s), 0 error(s), 2 left on base; Texarkana 4 - District 9 2
BOTTOM OF THE 4TH
District 9 Prawns batting - Pitching for Texarkana Bears : RHP Joe Utter
Batting: LHB Culley Vaughan 0-0: Foul Ball, location: 2F
0-1: Ball
1-1: Ball
2-1: Called Strike
2-2: Ball
3-2: Base on Balls
Batting: RHB Phil Jacobs 0-0: Called Strike
0-1: Ball
1-1: Ball
2-1: Ball
3-1: Base on Balls
Culley Vaughan to second
Batting: RHB Boyd Pittman 0-0: Ball
1-0: Ball
2-0: Called Strike
2-1: Foul Ball, location: 2F
2-2: Strikes out swinging
Batting: RHB José Colón 0-0: Called Strike
0-1: Grounds into double play, 5-4-3 (Groundball, 56)
Bottom of the 4th over - 0 run(s), 0 hit(s), 0 error(s), 1 left on base; Texarkana 4 - District 9 2
TOP OF THE 5TH
Texarkana Bears batting - Pitching for District 9 Prawns : RHP Bret McJannett
Batting: RHB Tony Reyes 0-0: Ball
1-0: Ball
2-0: Fly out, F8 (Flyball, 8RD)
Batting: LHB Sam Barnes 0-0: Ball
1-0: Ball
2-0: Called Strike
2-1: Called Strike
2-2: Ground out 4-3 (Groundball, 4MS)
Batting: RHB Billy Campbell 0-0: SOLO HOME RUN (Flyball, 78XD), Distance : 423 ft
Batting: LHB Tom Mullins 0-0: Ball
1-0: Foul Ball, location: 2F
1-1: Foul Ball, location: 2F
1-2: Strikes out swinging
Top of the 5th over - 1 run(s), 1 hit(s), 0 error(s), 0 left on base; Texarkana 5 - District 9 2
BOTTOM OF THE 5TH
District 9 Prawns batting - Pitching for Texarkana Bears : RHP Joe Utter
Batting: LHB Terry Simpson 0-0: Ball
1-0: Ball
2-0: Called Strike
2-1: Called Strike
2-2: Ball
3-2: Base on Balls
Batting: RHB Reynold Akker 0-0: Ball
1-0: Ball
2-0: SINGLE (Flyball, 89S)
Terry Simpson to second
Batting: LHB Mike Davis 0-0: Called Strike
0-1: Ball
1-1: Ball
2-1: SINGLE (Line Drive, 7LM)
Terry Simpson to third
Reynold Akker to second
Batting: RHB Felipe Jareño 0-0: Called Strike
0-1: Swinging Strike
0-2: Strikes out swinging
Batting: LHB Miguel Barrón 0-0: Called Strike
0-1: Foul Ball, location: 2F
0-2: Ball
1-2: Foul Ball, location: 2F
1-2: Ball
2-2: Ground out U3 (Groundball, 34S)
Terry Simpson scores
Reynold Akker to third
Mike Davis to second
Batting: LHB Culley Vaughan 0-0: Foul Ball, location: 2F
0-1: Ball
1-1: Ball
2-1: Ball
3-1: Base on Balls
Pitching: RHP Ralph Willaims
Batting: RHB Phil Jacobs 0-0: Swinging Strike
0-1: Ball
1-1: Foul Ball, location: 2F
1-2: Ball
2-2: Strikes out looking
Bottom of the 5th over - 1 run(s), 2 hit(s), 0 error(s), 3 left on base; Texarkana 5 - District 9 3
TOP OF THE 6TH
Texarkana Bears batting - Pitching for District 9 Prawns : RHP Bret McJannett
Pitching: RHP Clayton Hawkins
Batting: RHB Taki Chikafuji 0-0: Ball
1-0: Ball
2-0: Called Strike
2-1: Ground out 3-1 (Groundball, 34)
Batting: LHB Mark Thomas 0-0: Ground out U3 (Groundball, 34)
Batting: RHB Juan Rico 0-0: Ball
1-0: Foul Ball, location: 2F
1-1: Foul Ball, location: 2F
1-2: SINGLE (Line Drive, 34D)
Batting: RHB Arturo Rodríguez 0-0: Called Strike
0-1: Ball
1-1: Swinging Strike
1-2: Ball
2-2: Foul Ball, location: 2F
2-2: DOUBLE (Flyball, 78M)
Juan Rico to third
Batting: RHB Steve Garneys 0-0: Ball
1-0: Foul Ball, location: 2F
1-1: SINGLE (Groundball, 56D)
Juan Rico scores
Arturo Rodríguez to third
Batting: RHB Tony Reyes 0-0: Foul Ball, location: 2F
0-1: Ball
1-1: Ball
2-1: Called Strike
2-2: Ball
3-2: Base on Balls
Steve Garneys to second
Batting: LHB Sam Barnes 0-0: Fly out, F6 (Popup, 6D)
Top of the 6th over - 1 run(s), 3 hit(s), 0 error(s), 3 left on base; Texarkana 6 - District 9 3
BOTTOM OF THE 6TH
District 9 Prawns batting - Pitching for Texarkana Bears : RHP Ralph Willaims
Batting: RHB Boyd Pittman 0-0: Fly out, F8 (Flyball, 89D)
Batting: RHB José Colón 0-0: Ball
1-0: Called Strike
1-1: Ball
2-1: Called Strike
2-2: Ground out 6-3 (Groundball, 6)
Batting: LHB Terry Simpson 0-0: Called Strike
0-1: Ball
1-1: Ball
2-1: Ball
3-1: Foul Ball, location: 2F
3-2: SINGLE (Groundball, 56D)
Batting: RHB Reynold Akker 0-0: Foul Ball, location: 2F
0-1: Foul Ball, location: 2F
0-2: Ground out 5-3 (Groundball, 56S)
Bottom of the 6th over - 0 run(s), 1 hit(s), 0 error(s), 1 left on base; Texarkana 6 - District 9 3
TOP OF THE 7TH
Texarkana Bears batting - Pitching for District 9 Prawns : RHP Clayton Hawkins
Batting: RHB Billy Campbell 0-0: Ball
1-0: Ball
2-0: Ball
3-0: Base on Balls
Batting: LHB Tom Mullins 0-0: Foul Ball, location: 2F
0-1: Ball
1-1: Ball
2-1: SINGLE (Flyball, 7LS)
Billy Campbell to second
Pitching: RHP José Huerta
Batting: RHB Taki Chikafuji 0-0: Ball
1-0: Ball
2-0: Called Strike
2-1: Fly out, F8 (Flyball, 8RM)
Batting: LHB Mark Thomas 0-0: Foul Ball, location: 2F
0-1: Ball
1-1: Ball
2-1: Swinging Strike
2-2: Ball
3-2: Strikes out swinging
Batting: RHB Juan Rico 0-0: Called Strike
0-1: Foul Ball, location: 2F
0-2: Fly out, F4 (Popup, 34D)
Top of the 7th over - 0 run(s), 1 hit(s), 0 error(s), 2 left on base; Texarkana 6 - District 9 3
BOTTOM OF THE 7TH
District 9 Prawns batting - Pitching for Texarkana Bears : RHP Ralph Willaims
Batting: LHB Mike Davis 0-0: Ball
1-0: Ball
2-0: Ball
3-0: Called Strike
3-1: Called Strike
3-2: SINGLE (Groundball, 34D)
Batting: RHB Felipe Jareño 0-0: Grounds into double play, 6-4-3 (Groundball, 56)
Batting: LHB Miguel Barrón 0-0: Called Strike
0-1: Foul Ball, location: 2F
0-2: Ball
1-2: Ball
2-2: Strikes out swinging
Bottom of the 7th over - 0 run(s), 1 hit(s), 0 error(s), 0 left on base; Texarkana 6 - District 9 3
TOP OF THE 8TH
Texarkana Bears batting - Pitching for District 9 Prawns : RHP José Huerta
Batting: RHB Arturo Rodríguez 0-0: Ground out 4-3 (Groundball, 4)
Batting: RHB Steve Garneys 0-0: Ball
1-0: Fly out, F8 (Flyball, 8RM)
Batting: RHB Tony Reyes 0-0: Called Strike
0-1: Called Strike
0-2: Ball
1-2: Strikes out swinging
Top of the 8th over - 0 run(s), 0 hit(s), 0 error(s), 0 left on base; Texarkana 6 - District 9 3
BOTTOM OF THE 8TH
District 9 Prawns batting - Pitching for Texarkana Bears : RHP Ralph Willaims
Batting: LHB Culley Vaughan 0-0: Ground out U3 (Groundball, 34)
Batting: RHB Phil Jacobs 0-0: SOLO HOME RUN (Flyball, 8LXD), Distance : 419 ft
Batting: RHB Boyd Pittman 0-0: Ball
1-0: Foul Ball, location: 2F
1-1: Ball
2-1: Foul Ball, location: 2F
2-2: Strikes out swinging
Batting: RHB José Colón 0-0: Ball
1-0: Called Strike
1-1: SINGLE (Groundball, 34D)
Pitching: RHP Kosami Tagawa
Batting: LHB Terry Simpson 0-0: Ball
1-0: Ball
2-0: SINGLE (Flyball, 78S)
José Colón to second
Pitching: RHP Jesús Sosa
Batting: RHB Reynold Akker 0-0: Foul Ball, location: 2F
0-1: Foul Ball, location: 2F
0-2: SINGLE (Groundball, 56) (infield hit)
José Colón to third
Terry Simpson to second
Pitching: RHP Vaughan Gillespie
Batting: LHB Mike Davis 0-0: Called Strike
0-1: Ball
1-1: Foul Ball, location: 2F
1-2: Ball
2-2: Foul Ball, location: 2F
2-2: Ball
3-2: Foul Ball, location: 2F
3-2: Strikes out swinging
Bottom of the 8th over - 1 run(s), 4 hit(s), 0 error(s), 3 left on base; Texarkana 6 - District 9 4
TOP OF THE 9TH
Texarkana Bears batting - Pitching for District 9 Prawns : RHP José Huerta
Batting: LHB Sam Barnes 0-0: Ground out 4-3 (Groundball, 4)
Batting: RHB Billy Campbell 0-0: Ball
1-0: Ground out 6-3 (Groundball, 6MS)
Pitching: RHP Jorge Guillén
Batting: LHB Tom Mullins 0-0: Ball
1-0: Foul Ball, location: 2F
1-1: SINGLE (Line Drive, 7S)
Batting: RHB Taki Chikafuji 0-0: Called Strike
0-1: Foul Ball, location: 2F
0-2: Ball
1-2: Strikes out swinging
Top of the 9th over - 0 run(s), 1 hit(s), 0 error(s), 1 left on base; Texarkana 6 - District 9 4
BOTTOM OF THE 9TH
District 9 Prawns batting - Pitching for Texarkana Bears : RHP Vaughan Gillespie
Pitching: RHP Víctor López
Batting: RHB Felipe Jareño 0-0: Foul Ball, location: 2F
0-1: Called Strike
0-2: Strikes out looking
Batting: LHB Miguel Barrón 0-0: Ball
1-0: Swinging Strike
1-1: Swinging Strike
1-2: Strikes out swinging
Batting: LHB Culley Vaughan 0-0: Ground out 3-1 (Groundball, 34)
Bottom of the 9th over - 0 run(s), 0 hit(s), 0 error(s), 0 left on base; Texarkana 6 - District 9 4
Thursday, March 30th, 2017 - OOTP Baseball 17.12 Build 75